 Dungeon Crawl Stone Soup version 0.28-a0-245-g639a1a48b9 (webtiles) character file.

Game seed: 3125477205213124939

17504 Colgate the Slinger (level 12, -3/84 HPs)
             Began as a Demonspawn Berserker on Aug 25, 2021.
             Was a High Priest of Trog.
             Succumbed to a skeletal warrior's poison
             ... on level 12 of the Dungeon.
             The game lasted 01:47:32 (17780 turns).

Colgate the Slinger (Demonspawn Berserker)         Turns: 17780, Time: 01:47:32

Health: -3/84      AC: 22    Str: 24    XL:     12   Next: 19%
Magic:  12/12      EV: 13    Int: 10    God:    Trog [*****.]
Gold:   108        SH:  9    Dex: 31    Spells: 11/11 levels left

rFire   x . .      SeeInvis .   a - +1 trident (protect)
rCold   . . .      Faith    +   K - +2 buckler
rNeg    . . .      Spirit   .   L - +2 chain mail "Vaczoh" {*Slow rF- Str+3 Dex+8}
rPois   .          Reflect  .   t - +2 hat {Will+}
rElec   .          Harm     .   O - scarf {+Inv}
rCorr   .          Rampage  .   (no gloves)
Will    +....                   s - +0 pair of boots
Stlth   ++........              Q - amulet of faith
HPRegen 0.24/turn               S - +4 ring of evasion
MPRegen 0.13/turn               c - +6 ring of dexterity

@: lethally poisoned (-3 -> -17), under a protective aura, on berserk cooldown,
slowed, very slow
A: talons 2, thin skeletal structure 2, ignite blood 1, powered by pain 1
a: Renounce Religion, Evoke Invisibility, Berserk, Trog's Hand, Brothers in Arms


You were on level 12 of the Dungeon.
You worshipped Trog.
Trog was extremely pleased with you.
You visited 1 branch of the dungeon, and saw 12 of its levels.
You also visited: Sewer.

You collected 617 gold pieces.
You spent 509 gold pieces at shops.

Inventory:

Hand Weapons
 a - a +1 trident of protection (weapon)
 b - a +1 hunting sling
Missiles
 d - 327 stones
 i - 7 poisoned darts (quivered)
 j - 28 sling bullets
 k - 82 arrows
 p - 76 bolts
 r - 9 curare-tipped darts
 z - 10 boomerangs
 H - 4 silver boomerangs
Armour
 s - a +0 pair of boots (worn)
 t - a +2 hat of willpower (worn)
 K - a +2 buckler (worn)
 L - the +2 chain mail "Vaczoh" (worn) {*Slow rF- Str+3 Dex+8}
   (You found it on level 6 of the Dungeon)

   Str:       It affects your strength (+3).
   Dex:       It affects your dexterity (+8).
   rF:        It makes you vulnerable to fire.
   *Slow:     It may slow you when you take damage.
 O - a scarf of invisibility (worn)
 V - a scarf of harm
 W - the +1 ring mail of the Distant Future {*Slow rF+ Regen+}
   (You found it on level 10 of the Dungeon)

   rF:        It protects you from fire.
   Regen:     It increases your rate of health regeneration.
   *Slow:     It may slow you when you take damage.
 X - a +0 kite shield
Jewellery
 c - a +6 ring of dexterity (right hand)
 m - a ring of resist corrosion
 C - a ring of protection from cold
 I - a ring of protection from cold
 Q - an amulet of faith (around neck)
 S - a +4 ring of evasion (left hand)
 T - an amulet of magic regeneration
Wands
 u - a wand of iceblast (6)
 w - a wand of acid (28)
 y - a wand of digging (8)
 E - a wand of flame (48)
 M - a wand of charming (13)
Scrolls
 e - 4 scrolls of vulnerability
 o - a scroll of blinking
 q - a scroll of teleportation
 v - 3 scrolls of fear
 D - 2 scrolls of immolation
 J - a scroll of fog
 P - 2 scrolls of identify
 R - a scroll of holy word
 U - a scroll of magic mapping {unknown}
Potions
 f - 2 potions of brilliance
 g - 2 potions of resistance
 h - a potion of cancellation
 l - 6 potions of curing
 n - 2 potions of attraction
 x - 3 potions of ambrosia
 B - a potion of haste
 F - 2 potions of flight
 G - a potion of berserk rage
 N - a potion of heal wounds
Miscellaneous
 A - a lightning rod (2/4)


   Skills:
 + Level 4.7 Fighting
 - Level 3.1 Maces & Flails
 - Level 10.0 Polearms
 - Level 12.0 Slings
 - Level 5.1 Armour
 - Level 1.7 Dodging
 - Level 3.4 Stealth
 - Level 4.0 Shields
 - Level 5.7 Evocations


You had 11 spell levels left.
You didn't know any spells.
Your spell library was empty.

Dungeon Overview and Level Annotations

Branches:
Dungeon (12/15)            Temple (0/1) D:6            Lair (0/6) D:9
    Orc (0/2) D:11          Sewer (visited)

Altars:
Cheibriados
Fedhas
Kikubaaqudgha
Okawaru
Qazlal
Ru
Vehumet
Xom
Yredelemnul
Zin
The Shining One

Shops:
D:1 *   D:6 ***:[[


Innate Abilities, Weirdness & Mutations

You have razor-sharp toenails.
You have a moderately thin skeletal structure. (Dex +4, Stealth++)
Your demonic aura sometimes causes spilled blood to erupt in flames.
You sometimes gain a little power by taking damage.


Message History

The skeletal warrior is heavily damaged.
The skeletal warrior hits you from afar with a +2 halberd of venom!
* * * LOW HITPOINT WARNING * * *
You are more poisoned.
The skeletal warrior is engulfed in blazing flames.
The skeletal warrior hits you with a +0 short sword!
* * * LOW HITPOINT WARNING * * *
You block the skeletal warrior's attack.
You puncture the skeletal warrior!
The skeletal warrior is lightly damaged.
You are no longer berserk.
You are exhausted.
You feel yourself slow down.
* * * LOW HITPOINT WARNING * * *
You feel sick.
The skeletal warrior hits you but does no damage.
You hit the skeletal warrior.
The skeletal warrior is heavily damaged.
* * * LOW HITPOINT WARNING * * *
You feel very sick.
The skeletal warrior completely misses you. x2
You block the skeletal warrior's attack.
The skeletal warrior misses you.
The skeletal warrior hits you but does no damage.
You are lethally poisoned!
You hit the skeletal warrior.
The skeletal warrior is lightly damaged.
* * * LOW HITPOINT WARNING * * *
You feel very sick.
The skeletal warrior is engulfed in blazing flames.
The skeletal warrior hits you but does no damage.
The skeletal warrior barely misses you.
You block the skeletal warrior's attack.
The skeletal warrior hits you from afar with a +2 halberd of venom!
* * * LOW HITPOINT WARNING * * *
The skeletal warrior is engulfed in blazing flames.
The skeletal warrior closely misses you.
You barely miss the skeletal warrior.
The skeletal warrior is lightly damaged.
You die...

.#...............................
.#..............)................
...#.....#.......................
.........##.....................#
.........#....................#.#
........###..........>......#####
........# #............#.....# #
..(.....###...÷z÷......##<...## #
..(.....#.....z@.#...........# #
........#.....z#.#...........#
.....z#....##.z###.........###
.........###....##.....#### #.
.##......#(....##....##
h(..#..................##
#...............#..##
#............#.#####
...............####


You could see 4 skeletal warriors.

Vanquished Creatures
  Gastronok (D:9)
  Azrael (D:11)
  4 two-headed ogres
  A skeletal warrior (D:12)
  A deep elf pyromancer (D:9)
  A gargoyle (D:12)
  An unseen horror (D:11)
  2 kobold demonologists
  A komodo dragon (D:9)
  A merfolk (D:10)
  5 trolls
  Grinder (D:3)
  A shadow (D:12)
  A vampire (D:12)
  Eustachio (D:6)
  5 fire elementals
  5 yaks
  A steam dragon (D:10)
  Menkaure (D:5)
  An acid dragon (D:12)
  Duvessa (D:5)
  3 water moccasins
  3 hell hounds
  4 orc warriors
  A necrophage (D:7)
  3 black bears (D:9)
  2 ice beasts
  2 centaurs
  A kobold brigand (D:7)
  6 bullfrogs
  A gnoll sergeant (D:12)
  5 scorpions
  4 wyvern zombies
  Dowan (D:5)
  8 killer bees
  A wight (D:7)
  A bullfrog zombie (D:6)
  A lava snake (D:10)
  3 centaur zombies
  A bullfrog skeleton (D:5)
  3 hounds
  10 orc priests
  A jelly (D:6)
  A gnoll shaman (D:4)
  Natasha (thrice) (D:3)
  Ijyb (D:5)
  6 iguanas
  15 orc wizards
  2 howler monkey zombies
  Robin (D:3)
  9 gnolls
  10 adders
  A river rat (D:3)
  A white imp (D:7)
  An ufetubus (D:5)
  5 adder skeletons
  6 worms
  2 dart slugs
  54 orcs
  14 endoplasms
  13 giant cockroaches
  11 goblins
  8 hobgoblins
  9 quokkas
  18 ball pythons
  A bat (D:3)
  10 frilled lizards (Sewer)
  A jackal skeleton (D:3)
  11 kobolds
  8 rats
324 creatures vanquished.

Vanquished Creatures (collateral kills)
  2 boulder beetles
  A cyclops (D:11)
  An acid dragon (D:8)
  An orc (D:8)
5 creatures vanquished.

Vanquished Creatures (others)
  A kobold demonologist (D:12)
  A black bear (D:7)
  2 bullfrogs (D:7)
  2 orc wizards
  37 fungi (D:9)
  36 plants (D:9)
79 creatures vanquished.

Grand Total: 408 creatures vanquished

Notes
Turn   | Place    | Note
-------+----------+-------------------------------------------
     0 | D:1      | Colgate the Demonspawn Berserker began the quest for the
                  | Orb.
     0 | D:1      | Reached XP level 1. HP: 18/18 MP: 1/1
   133 | D:1      | Found Baetar's General Store.
   484 | D:1      | Found a faded altar of an unknown god.
   772 | D:1      | Gained mutation: You have a somewhat thin skeletal
                  | structure. (Dex +2, Stealth+) [demonic ancestry]
   772 | D:1      | Reached XP level 2. HP: 21/24 MP: 2/2
  1003 | D:2      | Reached skill level 1 in Polearms
  1519 | D:1      | Bought a scroll of amnesia for 45 gold pieces
  2060 | D:2      | Gained mutation: You have a moderately thin skeletal
                  | structure. (Dex +4, Stealth++) [demonic ancestry]
  2060 | D:2      | Reached XP level 3. HP: 29/29 MP: 3/3
  2577 | D:3      | Noticed Robin
  2583 | D:3      | Reached ** piety under Trog
  2584 | D:3      | Killed Robin
  2585 | D:3      | Reached XP level 4. HP: 35/35 MP: 4/4
  2698 | D:3      | Noticed Grinder
  2708 | D:3      | Killed Grinder
  2709 | D:3      | Reached skill level 5 in Polearms
  2709 | D:3      | Reached XP level 5. HP: 41/41 MP: 5/5
  2712 | D:3      | Gained mutation: You sometimes gain a little power by
                  | taking damage. [demonic ancestry]
  2712 | D:3      | Reached XP level 6. HP: 47/47 MP: 6/6
  2758 | D:3      | Found a glowing drain.
  2769 | Sewer    | Entered a sewer
  3031 | Sewer    | Reached *** piety under Trog
  3241 | Sewer    | Reached skill level 1 in Stealth
  3473 | D:3      | Reached XP level 7. HP: 52/52 MP: 7/7
  3944 | D:3      | Noticed Natasha
  3947 | D:3      | Killed Natasha
  3947 | D:3      | Reached **** piety under Trog
  4302 | D:3      | Noticed Natasha
  4312 | D:3      | Killed Natasha
  4446 | D:3      | Noticed Natasha
  4456 | D:3      | Killed Natasha
  5225 | D:4      | Found a sacrificial altar of Ru.
  5793 | D:4      | Found a blossoming altar of Fedhas.
  5916 | D:4      | Reached XP level 8. HP: 58/58 MP: 8/8
  6214 | D:5      | Entered Level 5 of the Dungeon
  6373 | D:5      | Found a basalt altar of Yredelemnul.
  6416 | D:5      | Found an iron altar of Okawaru.
  6494 | D:5      | Reached ***** piety under Trog
  6702 | D:5      | Noticed Menkaure
  6712 | D:5      | Killed Menkaure
  7037 | D:5      | Found a snail-covered altar of Cheibriados.
  7049 | D:5      | Noticed Duvessa
  7049 | D:5      | Noticed Dowan
  7063 | D:5      | Killed Duvessa
  7065 | D:5      | Killed Dowan
  7194 | D:5      | Noticed Ijyb
  7211 | D:5      | Killed Ijyb
  7587 | D:6      | Found Jilo's Book Shoppe.
  7998 | D:6      | Found Diazxuod's Specific Store.
  7999 | D:6      | Found Piorchia's General Store.
  8014 | D:6      | Bought a scroll of enchant armour for 75 gold pieces
  8228 | D:6      | Reached XP level 9. HP: 63/63 MP: 9/9
  8486 | D:6      | Found Ixufyur's Antique Armour Emporium.
  8524 | D:6      | Found Dagoeg's Armour Emporium.
  8531 | D:6      | Bought a +2 buckler for 181 gold pieces
  8563 | D:6      | Found a staircase to the Ecumenical Temple.
  8617 | D:6      | Reached skill level 10 in Polearms
  8732 | D:6      | Reached skill level 1 in Slings
  8863 | D:6      | Found an ancient bone altar of Kikubaaqudgha.
  8889 | D:6      | Identified the +2 chain mail "Vaczoh" {*Slow rF- Str+3
                  | Dex+8}
  9168 | D:6      | Noticed Eustachio
  9171 | D:6      | Found Kegoudev's General Store.
  9184 | D:6      | Killed Eustachio
  9185 | D:6      | Reached skill level 2 in Slings
  9607 | D:7      | Reached skill level 3 in Slings
  9778 | D:7      | Reached skill level 4 in Slings
  9862 | D:7      | Received a gift from Trog
 10093 | D:7      | Found a radiant altar of Vehumet.
 10148 | D:7      | Reached skill level 5 in Slings
 10186 | D:7      | Found a shimmering altar of Xom.
 10408 | D:7      | Reached skill level 6 in Slings
 10506 | D:7      | Identified the +10 falchion of Bodily Harmony {venom, *Slow
                  | Dex+2 Stlth+}
 11335 | D:8      | Found a stormy altar of Qazlal.
 11633 | D:8      | Reached skill level 7 in Slings
 12124 | D:9      | Noticed Gastronok
 12146 | D:9      | Killed Gastronok
 12147 | D:9      | Reached skill level 9 in Slings
 12147 | D:9      | Gained mutation: You have sharp toenails. [demonic
                  | ancestry]
 12147 | D:9      | Reached XP level 10. HP: 13/70 MP: 2/10
 12535 | D:9      | Noticed a deep elf pyromancer
 12548 | D:9      | Killed a deep elf pyromancer
 12938 | D:9      | Reached skill level 10 in Slings
 12955 | D:9      | Reached skill level 1 in Shields
 13103 | D:9      | Found a staircase to the Lair.
 13517 | D:9      | Noticed a two-headed ogre
 13526 | D:9      | Killed a two-headed ogre
 13775 | D:10     | Entered Level 10 of the Dungeon
 13849 | D:10     | Gained mutation: Your demonic aura sometimes causes spilled
                  | blood to erupt in flames. [demonic ancestry]
 13849 | D:10     | Reached XP level 11. HP: 75/75 MP: 11/11
 14218 | D:10     | Identified the +1 ring mail of the Distant Future {*Slow
                  | rF+ Regen+}
 14483 | D:11     | Reached skill level 11 in Slings
 14567 | D:11     | Noticed a two-headed ogre
 14579 | D:11     | Killed a two-headed ogre
 14748 | D:11     | Noticed a two-headed ogre
 14755 | D:11     | Killed a two-headed ogre
 14986 | D:11     | Reached skill level 12 in Slings
 15129 | D:11     | Noticed a boulder beetle
 15155 | D:11     | Killed a boulder beetle
 15158 | D:11     | Reached skill level 1 in Evocations
 15553 | D:11     | Received a gift from Trog
 15801 | D:11     | Found a staircase to the Orcish Mines.
 15897 | D:12     | Noticed a boulder beetle
 15905 | D:12     | Killed a boulder beetle
 15906 | D:12     | Reached skill level 5 in Armour
 16541 | D:12     | Noticed a skeletal warrior
 16541 | D:12     | Noticed a skeletal warrior
 16541 | D:12     | Noticed a skeletal warrior
 16541 | D:12     | Noticed a skeletal warrior
 16541 | D:12     | Noticed a skeletal warrior
 16883 | D:12     | Killed a skeletal warrior
 16936 | D:12     | Noticed a two-headed ogre
 16949 | D:12     | Killed a two-headed ogre
 16950 | D:12     | Gained mutation: You have razor-sharp toenails. [demonic
                  | ancestry]
 16950 | D:12     | Reached XP level 12. HP: 77/83 MP: 12/12
 17075 | D:12     | Noticed Azrael
 17284 | D:6      | Bought an embroidered scarf for 208 gold pieces
 17609 | D:11     | Killed Azrael
 17610 | D:11     | Reached skill level 5 in Evocations
 17779 | D:12     | HP: 1/84 [skeletal warrior[a skeletal warrior] (8)]
 17780 | D:12     | Succumbed to a skeletal warrior's poison

Illustrated notes

Levels and vault maps discovered:
D:1:      lemuel_arrival_cross, layout_rooms, shapermc_ecumenical_altar_pompeii,
          serial_shops, nicolae_shop_temple_entry_statues_fountains
D:2:      layout_loops_ring, minmay_three_crescents
D:3:      layout_loops_ring, lightli_sewer_entry_pipes, serial_undead,
          serial_undead_b, serial_undead_c, serial_undead_d, serial_undead_e,
          uniq_grinder, uniq_natasha, uniq_robin
D:4:      minmay_thick_lines, layout_loops_ring, general_overflow_altar,
          kennysheep_mini
D:5:      layout_basic, okawaru_ov_weapons_minmay, mainiacjoe_overflow_paths,
          jmf_multi_god_temple, uniq_duvessa, uniq_ijyb, uniq_menkaure
D:6:      layout_loops_corners, mainiacjoe_overflow_alcove_1,
          minmay_temple_entry_antechambers, serial_shops,
          nicolae_lakefront_shop, nicolae_stop_n_shop_2, nicolae_shop_crystal,
          kennysheep_mini_moat, nrook_mini_vaults, grunt_ministairs_3,
          minmay_fountain_box, nicolae_specific_store, uniq_eustachio
D:7:      layout_loops_corners, lemuel_doored_altar, tso_altar,
          xom_confusion_cloud
D:8:      layout_loops_corners, grunt_qazlal_clouds
D:9:      layout_roguey, due_lair_maze_entry_diamond, uniq_gastronok
D:10:     layout_basic, corner_web_ring, kennysheep_path_1, hangedman_fish_farm
D:11:     layout_roguey, orc_0_dummy
D:12:     layout_cave_pools, uniq_azrael

Skill      XL: |  1  2  3  4  5  6  7  8  9 10 11 12 |
---------------+-------------------------------------+-----
Maces & Flails | 3 |  3.1
Polearms       | 2 3 5 6 8 9 10 | 10.0
Stealth        | 1 2 3 |  3.4
Armour         | 2 3 5 |  5.1
Slings         | 9 10 12 | 12.0
Shields        | 3 4 |  4.0
Evocations     | 4 5 |  5.7
Fighting       | 4 |  4.7
Dodging        | |  1.7

Action                   |  1- 3 |  4- 6 |  7- 9 | 10-12 || total
-------------------------+-------+-------+-------+-------++-------
Melee: Mace              |    21 |       |       |       ||    21
       Trident           |    85 |   136 |   441 |   381 ||  1043
 Fire: Shortbow          |       |       |    18 |       ||    18
       Hunting sling     |       |       |    78 |    77 ||   155
Throw: Stone             |    20 |    33 |       |       ||    53
       Dart              |       |       |     7 |       ||     7
Invok: Berserk           |     9 |     4 |    27 |    25 ||    65
       Brothers in Arms  |       |       |     1 |     2 ||     3
 Abil: Evoke Invisibilit |       |       |       |     1 ||     1
Evoke: Wand              |       |       |     3 |    18 ||    21
       Lightning rod     |       |       |       |     4 ||     4
  Use: Scroll            |     9 |     1 |    12 |     2 ||    24
 Stab: Distracted        |     2 |       |     3 |       ||     5
       Sleeping          |     1 |    11 |    20 |     2 ||    34
       Invisible         |       |       |       |     3 ||     3
Armor: Animal skin       |     9 |       |       |       ||     9
       Ring mail         |    11 |    33 |    48 |    15 ||   107
       Chain mail        |       |       |    45 |   132 ||   177
       Leather armour    |       |       |     2 |       ||     2
Dodge: Dodged            |    29 |    52 |   107 |   163 ||   351
Block: Buckler           |       |       |    38 |   139 ||   177

Table legend: (Time is in decaauts)
 A = Elapsed time spent in this place.
 B = Non-inter-level travel time spent in this place.
 C = Inter-level travel time spent in this place.
 D = Time resting spent in this place.
 E = Time spent auto-exploring this place.
 F = Levels seen in this place.
 G = Mean time per level.
                   A        B        C        D        E       F      G
               +--------+--------+--------+--------+--------+-----+--------+
         Total |  18371 |  17438 |    933 |   2187 |  11334 |  13 | 1413.2 |
       Dungeon |  17644 |  16711 |    933 |   2073 |  11016 |  12 | 1470.3 |
         Sewer |    727 |    727 |      0 |    113 |    318 |   1 |  727.0 |
               +--------+--------+--------+--------+--------+-----+--------+

Top non-repeatable levels by time:
    D:11: 2202 daAuts
     D:6: 1888 daAuts
     D:3: 1884 daAuts
     D:9: 1793 daAuts
     D:2: 1792 daAuts
     D:7: 1712 daAuts
     D:4: 1372 daAuts
     D:5: 1223 daAuts
     D:8: 1216 daAuts
     D:1: 1010 daAuts
    D:10: 776 daAuts
    D:12: 770 daAuts
   Sewer: 727 daAuts
